 Dungeon Crawl Stone Soup version 0.27-a0-1181-g5f64966fcc (webtiles) character file.

Game seed: 10364089920794850176

1774 ZappyNine the Shooter (level 8, -2/68 HPs)
             Began as a Demigod Hunter on May 17, 2021.
             Slain by a water moccasin (5 damage)
             ... on level 7 of the Dungeon.
             The game lasted 00:12:35 (8294 turns).

ZappyNine the Shooter (Demigod Hunter)              Turns: 8294, Time: 00:12:36

Health: -2/68      AC:  7    Str: 21    XL:     8   Next: 51%
Magic:  10/10      EV: 13    Int: 13    God:
Gold:   357        SH:  0    Dex: 18    Spells: 7/7 levels left

rFire    + . .     SeeInvis +   k - +4 dagger (vamp)
rCold    . . .     Faith    .   (no shield)
rNeg     . . .     Spirit   .   c - +0 leather armour
rPois    .         Reflect  .   (no helmet)
rElec    .         Harm     .   f - +0 cloak
rCorr    .         Rampage  .   (no gloves)
Will     .....                  t - +2 pair of boots
Stlth    ++++......             j - amulet of Cumenyu {RegenMP rF+ Str+4 Stlth+}
HPRegen  0.21/turn              q - ring of see invisible
MPRegen  0.37/turn              (no ring)

@: lethally poisoned (-2 -> -10)
A: high mp 1, forlorn
a: no special abilities


You were on level 7 of the Dungeon.
You visited 1 branch of the dungeon, and saw 9 of its levels.

You collected 357 gold pieces.

Inventory:

Hand Weapons
 a - a +2 shortbow of freezing
 k - a +4 vampiric dagger (weapon)
 r - a +4 spear
Missiles
 d - 40 arrows
 i - an atropa-tipped dart
 n - a boomerang of dispersal (quivered)
 o - 9 poisoned darts
 v - a throwing net
Armour
 c - a +0 leather armour (worn)
 f - a +0 cloak (worn)
 t - a +2 pair of boots (worn)
Jewellery
 e - a ring of protection from fire
 j - the amulet of Cumenyu (around neck) {RegenMP rF+ Str+4 Stlth+}
   (You acquired it on level 6 of the Dungeon)

   [amulet of magic regeneration]

   It increases your rate of magic regeneration.
   It affects your strength (+4).
   It protects you from fire.
   It makes you more stealthy.
 q - a ring of see invisible (left hand)
Scrolls
 h - a scroll of identify
 l - a scroll of summoning {unknown}
 m - 3 scrolls of teleportation
Potions
 b - a potion of heal wounds {unknown}
 g - 5 potions of curing
 p - 2 potions of berserk rage {unknown}
 s - 2 potions of might {unknown}
 u - 2 potions of resistance {unknown}


   Skills:
 + Level 5.1 Fighting
 * Level 5.4 Short Blades
 + Level 6.0 Bows
 - Level 3.3 Dodging
 + Level 5.0 Stealth


You had 7 spell levels left.
You didn't know any spells.
Your spell library contained the following spells:

 Spells                   Type           Power      Damage    Failure   Level
 Foxfire                  Conj/Fire      0%         2x1d4     34%         1
 Conjure Flame            Conj/Fire      0%         6-21      71%         3
 Inner Flame              Hex/Fire       0%         N/A       71%         3
 Sticky Flame             Conj/Fire      0%         2d3       98%         4
 Fireball                 Conj/Fire      0%         3d3       100%        5


Dungeon Overview and Level Annotations

Branches:
Dungeon (9/15)             Temple (0/1) D:6
   Lair: D:8-11         Orc: D:9-12


Innate Abilities, Weirdness & Mutations

Your attributes grow dramatically as you level up.
You have an increased reservoir of magic. (+10% MP)
You shall have no god before yourself.


Message History

You feel very sick.
The water moccasin bites you but does no damage.
You barely miss the water moccasin.
The water moccasin is heavily wounded.
You feel sick. The water moccasin bites you.
You closely miss the water moccasin.
The water moccasin is heavily wounded.
You feel sick.
The water moccasin bites you but does no damage.
You hit the water moccasin but do no damage.
The water moccasin is heavily wounded.
You feel sick. The water moccasin bites you.
* * * LOW HITPOINT WARNING * * *
You are lethally poisoned!
The water moccasin poisons you!
You barely miss the water moccasin.
The water moccasin is heavily wounded.
* * * LOW HITPOINT WARNING * * *
You feel very sick. The water moccasin bites you.
* * * LOW HITPOINT WARNING * * *
You hit the water moccasin but do no damage.
The water moccasin is heavily wounded.
* * * LOW HITPOINT WARNING * * *
You feel sick. The water moccasin barely misses you.
You hit the water moccasin but do no damage.
The water moccasin is heavily wounded.
* * * LOW HITPOINT WARNING * * *
You feel very sick. The water moccasin closely misses you.
You hit the water moccasin.
You feel better.
The water moccasin is severely wounded.
* * * LOW HITPOINT WARNING * * *
You feel sick. The water moccasin bites you.
* * * LOW HITPOINT WARNING * * *
You hit the water moccasin.
You feel better.
The water moccasin is severely wounded.
* * * LOW HITPOINT WARNING * * *
You feel sick. The water moccasin bites you.
You die...

.....(.#.# #...
..§....≈≈≈≈... ...$...(##
+.. ....§.≈§≈≈≈≈..
......5o.###.#
###§.§§§≈§≈§≈≈..
#.#.#.#5o.##.#
....§§§§§§≈≈≈..
#.....#.#(.#.#
#....§§§§≈≈≈≈..
#.#.###.#....#
#..≈≈§≈§≈§§≈§.. ###.
#.#.S..# #....≈≈§≈≈≈... #
#.####.#######...§..≈§≈≈...
#...(.oooS@...........§....
##############.......§≈§...
#.............
##############


You could see a water moccasin and 3 orcs.

Vanquished Creatures
  Pikel (D:7)
  2 ice beasts
  A sky beast (D:5)
  2 ogres (D:6)
  A centaur (D:5)
  A lemure (D:7)
  A water moccasin skeleton (D:5)
  5 wights (D:8)
  A hound (D:5)
  A jelly (D:4)
  An orc priest (D:3)
  A gnoll shaman (D:7)
  A bullfrog skeleton (D:6)
  An orc wizard (D:5)
  An iguana (D:6)
  Natasha (thrice) (D:3)
  10 gnolls
  6 adders
  A shadow imp (D:5)
  2 ufetubi (D:4)
  An adder skeleton (D:4)
  2 worms
  3 dart slugs
  11 orcs
  5 ball pythons
  5 endoplasms
  4 giant cockroaches
  8 goblins
  5 hobgoblins
  15 jackals
  10 kobolds
  4 quokkas
  A ball python skeleton (D:3)
  11 bats
  5 frilled lizards
  3 rats
136 creatures vanquished.

Vanquished Creatures (others)
  A plant (D:2)
1 creature vanquished.

Grand Total: 137 creatures vanquished

Notes
Turn   | Place    | Note
-------+----------+-------------------------------------------
     0 | D:1      | ZappyNine the Demigod Hunter began the quest for the Orb.
     0 | D:1      | Reached XP level 1. HP: 17/17 MP: 3/3
   468 | D:1      | Reached XP level 2. HP: 24/24 MP: 4/4
  1190 | D:1      | Reached skill level 4 in Bows
  1190 | D:1      | Reached XP level 3. HP: 30/30 MP: 5/5
  2436 | D:2      | Reached XP level 4. HP: 31/37 MP: 6/6
  3611 | D:3      | Noticed Natasha
  3621 | D:3      | Killed Natasha
  3622 | D:3      | Reached XP level 5. HP: 42/45 MP: 7/7
  3798 | D:3      | Reached skill level 1 in Stealth
  4038 | D:3      | Noticed Natasha
  4053 | D:3      | Killed Natasha
  4113 | D:3      | Noticed Natasha
  4127 | D:3      | Killed Natasha
  5086 | D:4      | Reached XP level 6. HP: 43/51 MP: 8/8
  5543 | D:4      | Reached skill level 1 in Short Blades
  5758 | D:5      | Entered Level 5 of the Dungeon
  6566 | D:5      | Reached skill level 5 in Bows
  6566 | D:5      | Reached XP level 7. HP: 34/58 MP: 9/9
  7281 | D:6      | Found a staircase to the Ecumenical Temple.
  7327 | D:6      | Identified a scroll of acquirement
  7327 | D:6      | Acquired the amulet of Cumenyu {RegenMP rF+ Str+4 Stlth+}
  7950 | D:6      | You fall into a shaft and drop 3 floors!
  8005 | D:8      | Reached XP level 8. HP: 67/67 MP: 10/10
  8227 | D:7      | Noticed Pikel
  8281 | D:7      | Killed Pikel
  8282 | D:7      | Reached skill level 5 in Fighting
  8282 | D:7      | Reached skill level 5 in Short Blades
  8282 | D:7      | Reached skill level 6 in Bows
  8282 | D:7      | Reached skill level 5 in Stealth
  8294 | D:7      | HP: 3/68 [poisoned by a water moccasin]
  8294 | D:7      | Slain by a water moccasin

Illustrated notes

Levels and vault maps discovered:
D:1:      dpeg_arrival_court, layout_loops_ring,
          chequers_ecumenical_altar_simple
D:2:      layout_rooms, serial_forest, infiniplex_forest_clump_C,
          infiniplex_forest_lined_corner, infiniplex_forest_straight_3,
          infiniplex_forest_diagonal, infiniplex_forest_straight_3,
          infiniplex_forest_lined_room_2, basic_altar
D:3:      minmay_angry_zag, layout_basic, trog_three_pillars_becter,
          uniq_natasha
D:4:      layout_basic, nicolae_dithmenos_shadow_blocks
D:5:      layout_basic, okawaru_ov_weapons_minmay
D:6:      layout_gridville, minmay_temple_entry_butterflies
D:7:      layout_basic, nicolae_ru_great_annihilating_truth,
          nicolae_ossuary_entry_giza, lemuel_old_faithful, uniq_pikel
D:8:      layout_basic, grunt_temple_overflow_open, overflow_temple_1_default,
          serial_park_tiny_pond, uniq_psyche
D:9:      layout_long_grid, lemuel_doored_altar, overflow_temple_1_default

Skill      XL: |  1  2  3  4  5  6  7  8 |
---------------+-------------------------+-----
Fighting       | 2 3 4 5 |  5.1
Dodging        | 2 3 |  3.3
Bows           | 4 5 6 |  6.0
Stealth        | 3 4 5 |  5.0
Short Blades   | 2 4 5 |  5.4

Action                   |  1- 3 |  4- 6 |  7- 9 || total
-------------------------+-------+-------+-------++-------
Melee: Short sword       |   181 |       |       ||   181
       Dagger            |     6 |   357 |    88 ||   451
 Fire: Shortbow          |    19 |    15 |    75 ||   109
Throw: Dart              |       |    19 |       ||    19
       Boomerang         |       |     1 |       ||     1
  Use: Scroll            |       |     8 |     3 ||    11
       Potion            |       |     1 |       ||     1
 Stab: Sleeping          |     4 |     3 |       ||     7
       Invisible         |       |     1 |       ||     1
Armor: Leather armour    |    63 |    94 |    21 ||   178
       Skin              |       |     6 |       ||     6
Dodge: Dodged            |   134 |   242 |    66 ||   442

Table legend: (Time is in decaauts)
 A = Elapsed time spent in this place.
 B = Non-inter-level travel time spent in this place.
 C = Inter-level travel time spent in this place.
 D = Time resting spent in this place.
 E = Time spent auto-exploring this place.
 F = Levels seen in this place.
 G = Mean time per level.
                   A        B        C        D        E       F      G
               +--------+--------+--------+--------+--------+-----+--------+
         Total |   8283 |   8174 |    109 |   1501 |   5061 |   9 |  920.3 |
       Dungeon |   8283 |   8174 |    109 |   1501 |   5061 |   9 |  920.3 |
               +--------+--------+--------+--------+--------+-----+--------+

Top non-repeatable levels by time:
     D:3: 1716 daAuts
     D:5: 1510 daAuts
     D:4: 1503 daAuts
     D:1: 1287 daAuts
     D:2: 1268 daAuts
     D:6: 664 daAuts
     D:7: 159 daAuts
     D:8: 137 daAuts
     D:9: 37 daAuts
